Flames vs Flyers

Created - March-26-14 at 18:09

Goals
1 2 3 OT1 SO T
Flames 1 2 1 0 1 4
Flyers 4 0 0 0 2 5
Shots
1 2 3 OT1 SO T
Flames 18 11 12 1 3 42
Flyers 10 11 7 2 3 30

1st period

1. Flyers , Kyle Brodziak 24 (Joni Pitkanen) at 4:11
2. Flames , Tomas Kopecky 10 (Shawn Horcoff, Andrew MacDonald) at 17:34
3. Flyers , Kyle Okposo 23 (Joni Pitkanen, Kevin Bieksa) at 17:57
4. Flyers , Dany Heatley 29 (Joni Pitkanen, Kevin Bieksa) at 19:15
5. Flyers , Dany Heatley 30 (Joni Pitkanen, Kyle Okposo) at 19:55 (PP)

Penalties :
Ladislav Smid (CGY) for Hooking (Minor) at 1:55, Kevin Bieksa (PHI) for Interference (Minor) at 5:37, Justin Williams (PHI) for Hooking (Minor) at 15:16, Bryce Salvador (CGY) for Cross-checking (Minor) at 19:24

2nd period

6. Flames , Ryan Kesler 20 (Toni Lydman, Michael Ryder) at 11:53 (PP)
7. Flames , Michael Grabner 19 (Toni Lydman, Ryan Kesler) at 13:00 (PP)

Penalties :
Kyle Okposo (PHI) for Holding (Minor) at 2:01, Dustin Brown (CGY) for Interference (Minor) at 6:49, Kevin Bieksa (PHI) for Charging (Double Minor) at 11:33, Tomas Kopecky (CGY) for High sticking (Double Minor) at 14:43, Anze Kopitar (CGY) for Interference (Minor) at 16:39

3rd period

8. Flames , Tomas Kopecky 11 (Andrew MacDonald, Pierre-Marc Bouchard) at 3:57

Penalties :
Toni Lydman (CGY) for Roughing (Minor) at 9:40, Sam Gagner (CGY) for Charging (Minor) at 11:52

Overtime #1

No Goal

Penalties :
No Penalty

Shootout

Penalty Shot by Dustin Brown for Flames - Stopped by Craig Anderson
Penalty Shot by Dany Heatley for Flyers - Stopped by Jonathan Quick
Penalty Shot by Michael Ryder for Flames - Stopped by Craig Anderson
Penalty Shot by Justin Williams for Flyers - Goal!
Penalty Shot by Michael Grabner for Flames - Goal!
Penalty Shot by Gabriel Bourque for Flyers - Goal!

Penalties :
No Penalty

Goalie Stats

Jonathan Quick (CGY), 20 saves from 20 shots - (1.000), OTL, 34-26-6, 45:05 minutes
Jonas Gustavsson (CGY), 6 saves from 10 shots - (0.600), 19:55 minutes
Craig Anderson (PHI), 38 saves from 42 shots - (0.905), W, 29-18-6, 65:00 minutes

Players Stats for Flames

Player Name              G  A  P  +/- PIM S  H  SB GA TA FO     MP     PP MP  PK MP  
------------------------------------------------------------------------------------
Andrew MacDonald         0  2  2   2  0   5  0  2  0  0  0/0    26:56   4:06   6:22 
Anze Kopitar             0  0  0   0  2   1  1  0  0  0  19/28  19:14   4:15   0:53 
Bryce Salvador           0  0  0   2  2   0  2  0  0  0  0/0    22:13   0:00   5:46 
Dustin Brown             0  0  0   0  2   0  4  0  0  0  2/3    22:11   4:15   3:51 
Erik Johnson             0  0  0  -1  0   0  0  1  0  0  0/0    17:45   3:18   1:33 
Jack Johnson             0  0  0  -2  0   4  1  1  0  0  0/0    26:31   4:06   6:04 
Jeff Skinner             0  0  0   0  0   3  0  0  0  0  1/4    18:50   4:15   2:44 
Ladislav Smid            0  0  0  -2  2   1  6  2  0  0  0/0    20:24   0:00   4:37 
Michael Grabner          1  0  1  -2  0   4  1  0  0  0  3/4    20:47   3:09   5:04 
Michael Ryder            0  1  1  -2  0   3  0  0  0  0  0/0    17:55   3:09   0:00 
Mike Cammalleri          0  0  0  -1  0   6  1  1  0  0  5/8     8:41   0:00   0:00 
Pierre-Marc Bouchard     0  1  1   2  0   1  0  0  0  0  0/0     8:10   0:00   0:00 
Radek Dvorak             0  0  0  -1  0   0  1  0  0  0  0/1     8:08   0:00   0:00 
Ryan Kesler              1  1  2  -2  0   3  3  0  0  0  13/27  18:17   3:09   0:22 
Sam Gagner               0  0  0  -1  2   2  0  0  0  0  0/1     8:07   0:00   0:00 
Shawn Horcoff            0  1  1   2  0   2  4  1  0  0  13/19  13:14   0:00   5:37 
Tomas Kopecky            2  0  2   2  4   4  0  0  0  0  2/4    11:57   0:00   4:21 
Toni Lydman              0  2  2  -1  2   3  2  0  0  0  0/0    16:08   3:18   0:30 

Players Stats for Flyers

Player Name              G  A  P  +/- PIM S  H  SB GA TA FO     MP     PP MP  PK MP  
------------------------------------------------------------------------------------
Carlo Colaiacovo         0  0  0  -1  0   1  3  2  0  0  0/0    15:11   0:00   0:00 
Dainius Zubrus           0  0  0   0  0   2  1  0  0  0  4/13   18:38   7:04   2:21 
Dany Heatley             2  0  2   2  0   6  0  0  0  0  3/13   27:11   6:37   5:03 
David Steckel            0  0  0   0  0   1  0  0  0  0  0/0     5:31   0:00   0:00 
Eric Belanger            0  0  0   2  0   2  1  0  0  0  8/20   17:57   0:08   2:21 
Gabriel Bourque          0  0  0  -1  0   3  1  0  0  0  1/1    20:17   5:22   0:00 
Jack Skille              0  0  0   0  0   1  3  0  0  0  0/1     5:58   0:27   0:00 
Jean-Gabriel Pageau      0  0  0   0  0   0  0  0  0  0  12/17   9:13   0:00   0:00 
Joni Pitkanen            0  4  4   3  0   3  0  2  0  0  0/0    30:39   6:22   4:50 
Justin Williams          0  0  0  -1  2   3  0  0  0  0  0/0    18:42   5:22   0:00 
Kevin Bieksa             0  2  2   3  6   0  0  2  0  0  0/0    24:27   6:32   2:13 
Kyle Brodziak            1  0  1  -1  0   5  2  0  0  0  12/29  25:40   5:14   0:00 
Kyle Okposo              1  1  2   2  2   2  4  0  0  0  0/3    18:44   6:37   0:00 
Marek Zidlicky           0  0  0  -1  0   0  1  1  0  0  0/0    24:36   5:54   1:54 
Mark Fistric             0  0  0  -1  0   1  4  1  0  0  0/0    15:57   5:54   1:08 
Mark Stuart              0  0  0  -1  0   0  2  1  0  0  0/0    15:00   0:10   4:18 
R.J. Umberger            0  0  0   0  0   0  2  0  0  0  1/2    14:43   0:27   5:03 
Ryan Ellis               0  0  0   0  0   0  2  0  0  0  0/0     4:08   0:00   0:25 

3 Stars

1 - Joni Pitkanen (PHI)
2 - Dany Heatley (PHI)
3 - Kyle Okposo (PHI)

Power Play

Flames - 2 on 5 Attempt(s) - 40.00%
Flyers - 1 on 8 Attempt(s) - 12.50%

Penalty Kill

Flames - 7 on 8 Attempt(s) - 87.50% - Score 0 goal in Penalty Kill
Flyers - 3 on 5 Attempt(s) - 60.00% - Score 0 goal in Penalty Kill

Official

Referees : Mike Leggo and TJ Luxmore
Linesman : Mike Cvik and Kiel Murchison

Game Notes

Jonathan Quick enters game at 19:55 of 1st period

Finance

Level 1 -- Attendance: 5067 (77.95%) -- Ticket Income $557,370
Level 2 -- Attendance: 4984 (99.68%) -- Ticket Income $348,880
Level 3 -- Attendance: 3167 (90.49%) -- Ticket Income $167,851
Level 4 -- Attendance: 2886 (81.59%) -- Ticket Income $72,150
Luxury Box -- Attendance: 1000 (100.00%) -- Ticket Income $215,000
Game was played at the Wells Fargo Center
Total Attendance: 17104 (87.55%)
Total Ticket Income: $1,361,251
Other Income: $204,188
Total Income: $1,565,439


% Time on Ice - Flames

Lines # - Real PCT - Wanted PCT - Time Play
Normal Forward
1 - 30% - 30% - 11:51
2 - 31% - 30% - 12:34
3 - 20% - 20% - 8:08
4 - 19% - 20% - 7:37
Normal Defense
1 - 23% - 30% - 9:12
2 - 34% - 30% - 13:36
3 - 31% - 20% - 12:21
4 - 12% - 20% - 5:01
PP Forward
1 - 57% - 50% - 4:15
2 - 43% - 50% - 3:09
PP Defense
1 - 55% - 50% - 4:06
2 - 45% - 50% - 3:18
PK Forward
1 - 52% - 50% - 5:23
2 - 48% - 50% - 5:04
PK Defense
1 - 51% - 50% - 5:20
2 - 49% - 50% - 5:07
PK3 Forward
1 - 44% - 60% - 0:52
2 - 56% - 40% - 1:07
PK3 Defense
1 - 48% - 50% - 0:57
2 - 52% - 50% - 1:02
44 Forward
1 - 45% - 50% - 2:15
2 - 55% - 50% - 2:45
44 Defense
1 - 45% - 50% - 2:15
2 - 55% - 50% - 2:45
Last Minute Offensive  - 0:00
Last Minute Defensive  - 0:00
Total
Forward - 65:00
Defense - 65:00

% Time on Ice - Flyers

Lines # - Real PCT - Wanted PCT - Time Play
Normal Forward
1 - 33% - 35% - 13:18
2 - 30% - 30% - 12:08
3 - 23% - 20% - 9:13
4 - 14% - 15% - 5:31
Normal Defense
1 - 31% - 45% - 12:21
2 - 38% - 30% - 15:11
3 - 9% - 15% - 3:43
4 - 22% - 10% - 8:55
PP Forward
1 - 57% - 60% - 7:04
2 - 43% - 40% - 5:22
PP Defense
1 - 53% - 60% - 6:32
2 - 47% - 40% - 5:54
PK Forward
1 - 68% - 60% - 5:03
2 - 32% - 40% - 2:21
PK Defense
1 - 71% - 60% - 5:15
2 - 29% - 40% - 2:09
PK3 Forward
1 - 0% - 60%
2 - 0% - 40%
PK3 Defense
1 - 0% - 60%
2 - 0% - 40%
44 Forward
1 - 68% - 60% - 3:23
2 - 32% - 40% - 1:37
44 Defense
1 - 68% - 60% - 3:23
2 - 32% - 40% - 1:37
Last Minute Offensive  - 0:00
Last Minute Defensive  - 0:00
Total
Forward - 65:00
Defense - 65:00

Play by Play

1st period


0:01 of 1st period - Kyle Brodziak wins face-off versus Anze Kopitar in neutral zone.
0:26 of 1st period - Shot by Justin Williams.
0:26 of 1st period - Shot Misses the Net.
0:28 of 1st period - Shot by Kyle Brodziak.
0:28 of 1st period - Shot Blocked by Andrew MacDonald.
1:46 of 1st period - Icing by Mark Stuart.
1:47 of 1st period - Jean-Gabriel Pageau wins face-off versus Ryan Kesler in Flyers zone.
1:51 of 1st period - Off-side.
1:52 of 1st period - Kyle Brodziak wins face-off versus Ryan Kesler in neutral zone.
1:52 of 1st period - Kyle Brodziak is hit by Ryan Kesler.
1:55 of 1st period - Minor Penalty to Ladislav Smid for Hooking.
1:56 of 1st period - Shawn Horcoff wins face-off versus Kyle Brodziak in Flames zone.
3:00 of 1st period - Off-side.
3:01 of 1st period - Anze Kopitar wins face-off versus Dainius Zubrus in neutral zone.
3:25 of 1st period - Icing by Mark Fistric.
3:26 of 1st period - Dainius Zubrus wins face-off versus Tomas Kopecky in Flyers zone.
4:11 of 1st period - Shot by Kyle Brodziak.
4:11 of 1st period - Goal by Kyle Brodziak - Flames : 0 - Flyers : 1.
4:12 of 1st period - Michael Grabner wins face-off versus Kyle Brodziak in neutral zone.
4:21 of 1st period - Shot by Michael Grabner.
4:21 of 1st period - Shot Misses the Net.
4:23 of 1st period - Shot by Michael Grabner.
4:23 of 1st period - Shot Misses the Net.
4:25 of 1st period - Shot by Ryan Kesler.
4:25 of 1st period - Shot Misses the Net.
4:30 of 1st period - Michael Grabner is hit by Ryan Ellis.
4:32 of 1st period - Shot by Ryan Kesler.
4:32 of 1st period - Stopped by Craig Anderson with a rebound.
4:44 of 1st period - Shot by Gabriel Bourque.
4:44 of 1st period - Stopped by Jonas Gustavsson without a rebound.
4:45 of 1st period - Eric Belanger wins face-off versus Mike Cammalleri in Flames zone.
4:56 of 1st period - Shot by Mike Cammalleri.
4:56 of 1st period - Shot Misses the Net.
4:58 of 1st period - Shot by Mike Cammalleri.
4:58 of 1st period - Stopped by Craig Anderson without a rebound.
4:59 of 1st period - Shawn Horcoff wins face-off versus Jean-Gabriel Pageau in Flyers zone.
5:07 of 1st period - Tomas Kopecky is hit by Mark Fistric.
5:13 of 1st period - Shot by Mark Fistric.
5:13 of 1st period - Stopped by Jonas Gustavsson without a rebound.
5:14 of 1st period - Eric Belanger wins face-off versus Michael Grabner in Flames zone.
5:21 of 1st period - Eric Belanger is hit by Ryan Kesler and loses puck.
5:37 of 1st period - Minor Penalty to Kevin Bieksa for Interference.
5:38 of 1st period - Anze Kopitar wins face-off versus Dany Heatley in Flyers zone.
6:01 of 1st period - Shot by Anze Kopitar.
6:01 of 1st period - Shot Blocked by Joni Pitkanen.
6:03 of 1st period - Shot by Anze Kopitar.
6:03 of 1st period - Shot Misses the Net.
6:19 of 1st period - Shot by Anze Kopitar.
6:19 of 1st period - Shot Misses the Net.
6:52 of 1st period - Andrew MacDonald is hit by Mark Fistric.
7:02 of 1st period - Shot by Jack Johnson.
7:02 of 1st period - Stopped by Craig Anderson without a rebound.
7:03 of 1st period - Anze Kopitar wins face-off versus Dainius Zubrus in Flyers zone.
7:04 of 1st period - Shot by Jeff Skinner.
7:04 of 1st period - Shot Misses the Net.
7:06 of 1st period - Shot by Toni Lydman.
7:06 of 1st period - Stopped by Craig Anderson without a rebound.
7:07 of 1st period - Anze Kopitar wins face-off versus Dany Heatley in Flyers zone.
7:42 of 1st period - Shot by Shawn Horcoff.
7:42 of 1st period - Stopped by Craig Anderson without a rebound.
7:43 of 1st period - Michael Grabner wins face-off versus Kyle Brodziak in Flyers zone.
8:08 of 1st period - Shot by Kyle Brodziak.
8:08 of 1st period - Shot Misses the Net.
8:12 of 1st period - Shot by Kyle Brodziak.
8:12 of 1st period - Stopped by Jonas Gustavsson with a rebound.
8:14 of 1st period - Shot by Marek Zidlicky.
8:14 of 1st period - Deflect By Kyle Brodziak.
8:14 of 1st period - Stopped by Jonas Gustavsson without a rebound.
8:15 of 1st period - Jean-Gabriel Pageau wins face-off versus Shawn Horcoff in Flames zone.
8:27 of 1st period - R.J. Umberger is hit by Ladislav Smid and loses puck.
8:49 of 1st period - Jean-Gabriel Pageau is hit by Ladislav Smid and loses puck.
9:03 of 1st period - Shot by Marek Zidlicky.
9:03 of 1st period - Shot Misses the Net.
9:10 of 1st period - Kyle Brodziak is hit by Ladislav Smid.
9:30 of 1st period - Shot by Kyle Brodziak.
9:30 of 1st period - Shot Blocked by Shawn Horcoff.
9:32 of 1st period - Shot by David Steckel.
9:32 of 1st period - Stopped by Jonas Gustavsson without a rebound.
9:33 of 1st period - Eric Belanger wins face-off versus Sam Gagner in Flames zone.
9:36 of 1st period - Shot by Dany Heatley.
9:36 of 1st period - Shot Blocked by Mike Cammalleri.
9:41 of 1st period - Shot by Dany Heatley.
9:41 of 1st period - Shot Misses the Net.
9:49 of 1st period - Shot by Dany Heatley.
9:49 of 1st period - Stopped by Jonas Gustavsson without a rebound.
9:50 of 1st period - Jean-Gabriel Pageau wins face-off versus Ryan Kesler in Flames zone.
9:50 of 1st period - Jean-Gabriel Pageau is hit by Toni Lydman.
10:44 of 1st period - Icing by Michael Grabner.
10:45 of 1st period - Ryan Kesler wins face-off versus Kyle Brodziak in Flames zone.
11:11 of 1st period - Anze Kopitar is hit by Carlo Colaiacovo and loses puck.
11:40 of 1st period - Shot by Anze Kopitar.
11:40 of 1st period - Shot Misses the Net.
11:50 of 1st period - Shot by Mike Cammalleri.
11:50 of 1st period - Stopped by Craig Anderson without a rebound.
11:51 of 1st period - Mike Cammalleri wins face-off versus Eric Belanger in Flyers zone.
11:58 of 1st period - Shot by Mike Cammalleri.
11:58 of 1st period - Stopped by Craig Anderson without a rebound.
11:59 of 1st period - Mike Cammalleri wins face-off versus Eric Belanger in Flyers zone.
12:24 of 1st period - Shot by Mike Cammalleri.
12:24 of 1st period - Stopped by Craig Anderson without a rebound.
12:25 of 1st period - Jean-Gabriel Pageau wins face-off versus Ryan Kesler in Flyers zone.
12:25 of 1st period - Jean-Gabriel Pageau is hit by Ryan Kesler.
13:03 of 1st period - Shot by Michael Grabner.
13:03 of 1st period - Stopped by Craig Anderson without a rebound.
13:04 of 1st period - Anze Kopitar wins face-off versus Dany Heatley in Flyers zone.
13:07 of 1st period - Shot by Jeff Skinner.
13:07 of 1st period - Shot Misses the Net.
13:09 of 1st period - Shot by Ladislav Smid.
13:09 of 1st period - Shot Blocked by Kevin Bieksa.
13:11 of 1st period - Shot by Ladislav Smid.
13:11 of 1st period - Stopped by Craig Anderson with a rebound.
13:23 of 1st period - Shot by Jeff Skinner.
13:23 of 1st period - Stopped by Craig Anderson without a rebound.
13:24 of 1st period - Mike Cammalleri wins face-off versus Kyle Brodziak in Flyers zone.
13:28 of 1st period - Sam Gagner is hit by Carlo Colaiacovo and loses puck.
13:32 of 1st period - Icing by Carlo Colaiacovo.
13:33 of 1st period - Kyle Brodziak wins face-off versus Anze Kopitar in Flyers zone.
14:04 of 1st period - Icing by Carlo Colaiacovo.
14:05 of 1st period - Mike Cammalleri wins face-off versus Kyle Brodziak in Flyers zone.
14:05 of 1st period - Sam Gagner is hit by Carlo Colaiacovo and loses puck.
14:11 of 1st period - Sam Gagner is hit by Marek Zidlicky.
14:41 of 1st period - Shot by Sam Gagner.
14:41 of 1st period - Stopped by Craig Anderson with a rebound.
14:43 of 1st period - Shot by Sam Gagner.
14:43 of 1st period - Shot Blocked by Carlo Colaiacovo.
14:49 of 1st period - Shot by Radek Dvorak.
14:49 of 1st period - Shot Hit the Post.
15:01 of 1st period - Shot by Shawn Horcoff.
15:01 of 1st period - Shot Misses the Net.
15:03 of 1st period - Shot by Shawn Horcoff.
15:03 of 1st period - Shot Misses the Net.
15:16 of 1st period - Minor Penalty to Justin Williams for Hooking.
15:17 of 1st period - Michael Grabner wins face-off versus R.J. Umberger in Flyers zone.
15:38 of 1st period - Shot by Toni Lydman.
15:38 of 1st period - Shot Misses the Net.
16:10 of 1st period - Off-side.
16:11 of 1st period - Anze Kopitar wins face-off versus Eric Belanger in neutral zone.
16:16 of 1st period - Shot by Jack Johnson.
16:16 of 1st period - Stopped by Craig Anderson without a rebound.
16:17 of 1st period - Dustin Brown wins face-off versus Dany Heatley in Flyers zone.
16:34 of 1st period - Shot by Andrew MacDonald.
16:34 of 1st period - Shot Misses the Net.
16:38 of 1st period - Shot by Jeff Skinner.
16:38 of 1st period - Stopped by Craig Anderson without a rebound.
16:39 of 1st period - R.J. Umberger wins face-off versus Anze Kopitar in Flyers zone.
16:45 of 1st period - Icing by Andrew MacDonald.
16:46 of 1st period - Dany Heatley wins face-off versus Anze Kopitar in Flames zone.
16:46 of 1st period - Dany Heatley is hit by Jack Johnson.
16:58 of 1st period - Shot by Jack Johnson.
16:58 of 1st period - Stopped by Craig Anderson without a rebound.
16:59 of 1st period - Dany Heatley wins face-off versus Ryan Kesler in Flyers zone.
17:13 of 1st period - Off-side.
17:14 of 1st period - Anze Kopitar wins face-off versus Dany Heatley in neutral zone.
17:14 of 1st period - Anze Kopitar is hit by R.J. Umberger.
17:17 of 1st period - Jack Johnson is hit by Mark Stuart and loses puck.
17:22 of 1st period - Shot by Andrew MacDonald.
17:22 of 1st period - Stopped by Craig Anderson with a rebound.
17:24 of 1st period - Shot by Shawn Horcoff.
17:24 of 1st period - Shot Blocked by Mark Fistric.
17:26 of 1st period - Shot by Tomas Kopecky.
17:26 of 1st period - Shot Misses the Net.
17:28 of 1st period - Shot by Tomas Kopecky.
17:28 of 1st period - Shot Misses the Net.
17:30 of 1st period - Shot by Shawn Horcoff.
17:30 of 1st period - Stopped by Craig Anderson with a rebound.
17:32 of 1st period - Shot by Tomas Kopecky.
17:32 of 1st period - Shot Misses the Net.
17:34 of 1st period - Shot by Tomas Kopecky.
17:34 of 1st period - Goal by Tomas Kopecky - Flames : 1 - Flyers : 1.
17:35 of 1st period - Ryan Kesler wins face-off versus Eric Belanger in neutral zone.
17:35 of 1st period - Ryan Kesler is hit by Kyle Okposo.
17:57 of 1st period - Shot by Kyle Okposo.
17:57 of 1st period - Goal by Kyle Okposo - Flames : 1 - Flyers : 2.
17:58 of 1st period - Kyle Brodziak wins face-off versus Jeff Skinner in neutral zone.
18:26 of 1st period - Shot by Jeff Skinner.
18:26 of 1st period - Shot Misses the Net.
18:29 of 1st period - Icing by Carlo Colaiacovo.
18:30 of 1st period - Kyle Brodziak wins face-off versus Ryan Kesler in Flyers zone.
19:15 of 1st period - Shot by Dany Heatley.
19:15 of 1st period - Goal by Dany Heatley - Flames : 1 - Flyers : 3.
19:16 of 1st period - Jean-Gabriel Pageau wins face-off versus Anze Kopitar in neutral zone.
19:16 of 1st period - Mark Fistric is hit by Dustin Brown and loses puck.
19:20 of 1st period - Mark Stuart is hit by Bryce Salvador and loses puck.
19:24 of 1st period - Minor Penalty to Bryce Salvador for Cross-checking.
19:25 of 1st period - Tomas Kopecky wins face-off versus Dainius Zubrus in Flames zone.
19:51 of 1st period - Shot by Joni Pitkanen.
19:51 of 1st period - Shot Misses the Net.
19:53 of 1st period - Shot by Joni Pitkanen.
19:53 of 1st period - Shot Blocked by Andrew MacDonald.
19:55 of 1st period - Shot by Dany Heatley.
19:55 of 1st period - Goal by Dany Heatley - Flames : 1 - Flyers : 4.
19:55 of 1st period - Jonathan Quick enters game.
19:56 of 1st period - Gabriel Bourque wins face-off versus Radek Dvorak in neutral zone.
Goals for this period are 1 for Flames vs 4 for Flyers.
Shots for this period are 18 for Flames vs 10 for Flyers.

2nd period


0:01 of 2nd period - Anze Kopitar wins face-off versus Eric Belanger in neutral zone.
0:03 of 2nd period - Off-side.
0:04 of 2nd period - Anze Kopitar wins face-off versus Kyle Okposo in neutral zone.
0:04 of 2nd period - Anze Kopitar is hit by Eric Belanger.
0:12 of 2nd period - Shot by Jeff Skinner.
0:12 of 2nd period - Stopped by Craig Anderson with a rebound.
0:14 of 2nd period - Shot by Andrew MacDonald.
0:14 of 2nd period - Stopped by Craig Anderson without a rebound.
0:15 of 2nd period - Shawn Horcoff wins face-off versus Kyle Brodziak in Flyers zone.
0:34 of 2nd period - Shot by Pierre-Marc Bouchard.
0:34 of 2nd period - Stopped by Craig Anderson with a rebound.
0:40 of 2nd period - Shot by Tomas Kopecky.
0:40 of 2nd period - Stopped by Craig Anderson without a rebound.
0:41 of 2nd period - Eric Belanger wins face-off versus Anze Kopitar in Flyers zone.
0:41 of 2nd period - Eric Belanger is hit by Dustin Brown.
0:47 of 2nd period - Bryce Salvador is hit by Kyle Okposo and loses puck.
0:58 of 2nd period - Shot by Eric Belanger.
0:58 of 2nd period - Shot Misses the Net.
1:00 of 2nd period - Shot by Kyle Okposo.
1:00 of 2nd period - Shot Misses the Net.
1:02 of 2nd period - Shot by Kyle Okposo.
1:02 of 2nd period - Shot Misses the Net.
1:04 of 2nd period - Shot by Carlo Colaiacovo.
1:04 of 2nd period - Stopped by Jonathan Quick without a rebound.
1:05 of 2nd period - Kyle Brodziak wins face-off versus Ryan Kesler in Flames zone.
1:36 of 2nd period - Michael Grabner is hit by Kyle Brodziak and loses puck.
1:56 of 2nd period - Icing by Michael Grabner.
1:57 of 2nd period - Eric Belanger wins face-off versus Ryan Kesler in Flames zone.
2:01 of 2nd period - Minor Penalty to Kyle Okposo for Holding.
2:02 of 2nd period - Dany Heatley wins face-off versus Anze Kopitar in Flyers zone.
2:02 of 2nd period - Dany Heatley is hit by Dustin Brown.
2:25 of 2nd period - Shot by Andrew MacDonald.
2:25 of 2nd period - Stopped by Craig Anderson without a rebound.
2:26 of 2nd period - Dustin Brown wins face-off versus Dany Heatley in Flyers zone.
2:51 of 2nd period - Mark Stuart is hit by Dustin Brown and loses puck.
4:16 of 2nd period - Shot by Justin Williams.
4:16 of 2nd period - Stopped by Jonathan Quick without a rebound.
4:17 of 2nd period - Shawn Horcoff wins face-off versus Kyle Brodziak in Flames zone.
4:34 of 2nd period - Shot by Kyle Brodziak.
4:34 of 2nd period - Shot Misses the Net.
4:42 of 2nd period - Shot by Jack Skille.
4:42 of 2nd period - Shot Misses the Net.
4:44 of 2nd period - Shot by Kyle Brodziak.
4:44 of 2nd period - Stopped by Jonathan Quick without a rebound.
4:45 of 2nd period - Anze Kopitar wins face-off versus Eric Belanger in Flames zone.
5:56 of 2nd period - Icing by Ladislav Smid.
5:57 of 2nd period - Kyle Brodziak wins face-off versus Mike Cammalleri in Flames zone.
5:58 of 2nd period - Shot by Justin Williams.
5:58 of 2nd period - Stopped by Jonathan Quick without a rebound.
5:59 of 2nd period - Ryan Kesler wins face-off versus Kyle Brodziak in Flames zone.
6:21 of 2nd period - Shot by Michael Ryder.
6:21 of 2nd period - Stopped by Craig Anderson without a rebound.
6:22 of 2nd period - Jean-Gabriel Pageau wins face-off versus Anze Kopitar in Flyers zone.
6:22 of 2nd period - Jean-Gabriel Pageau is hit by Anze Kopitar.
6:49 of 2nd period - Minor Penalty to Dustin Brown for Interference.
6:50 of 2nd period - Shawn Horcoff wins face-off versus Kyle Brodziak in Flames zone.
7:01 of 2nd period - Shot by Joni Pitkanen.
7:01 of 2nd period - Stopped by Jonathan Quick without a rebound.
7:02 of 2nd period - Shawn Horcoff wins face-off versus Dainius Zubrus in Flames zone.
7:24 of 2nd period - Shot by Dainius Zubrus.
7:24 of 2nd period - Shot Misses the Net.
7:26 of 2nd period - Shot by Joni Pitkanen.
7:26 of 2nd period - Deflect By Dany Heatley.
7:26 of 2nd period - Stopped by Jonathan Quick with a rebound.
7:28 of 2nd period - Shot by Kyle Okposo.
7:28 of 2nd period - Stopped by Jonathan Quick without a rebound.
7:29 of 2nd period - Shawn Horcoff wins face-off versus Kyle Brodziak in Flames zone.
9:40 of 2nd period - Icing by Joni Pitkanen.
9:41 of 2nd period - Anze Kopitar wins face-off versus Jean-Gabriel Pageau in Flyers zone.
9:53 of 2nd period - Icing by Anze Kopitar.
9:54 of 2nd period - Anze Kopitar wins face-off versus Kyle Okposo in Flames zone.
10:32 of 2nd period - Eric Belanger is hit by Ladislav Smid and loses puck.
11:10 of 2nd period - Shot by Justin Williams.
11:10 of 2nd period - Stopped by Jonathan Quick without a rebound.
11:11 of 2nd period - Shawn Horcoff wins face-off versus Dainius Zubrus in Flames zone.
11:11 of 2nd period - Shawn Horcoff is hit by Dainius Zubrus.
11:33 of 2nd period - Double Minor Penalty to Kevin Bieksa for Charging.
11:34 of 2nd period - Ryan Kesler wins face-off versus Dany Heatley in Flyers zone.
11:39 of 2nd period - Shot by Andrew MacDonald.
11:39 of 2nd period - Stopped by Craig Anderson without a rebound.
11:40 of 2nd period - Ryan Kesler wins face-off versus Dany Heatley in Flyers zone.
11:45 of 2nd period - Shot by Michael Grabner.
11:45 of 2nd period - Shot Misses the Net.
11:47 of 2nd period - Shot by Erik Johnson.
11:47 of 2nd period - Shot Blocked by Mark Stuart.
11:51 of 2nd period - Shot by Toni Lydman.
11:51 of 2nd period - Stopped by Craig Anderson with a rebound.
11:53 of 2nd period - Shot by Ryan Kesler.
11:53 of 2nd period - Goal by Ryan Kesler - Flames : 2 - Flyers : 4.
11:54 of 2nd period - Anze Kopitar wins face-off versus Dany Heatley in neutral zone.
12:37 of 2nd period - Anze Kopitar is hit by Mark Fistric and loses puck.
12:58 of 2nd period - Shot by Toni Lydman.
12:58 of 2nd period - Shot Misses the Net.
13:00 of 2nd period - Shot by Michael Grabner.
13:00 of 2nd period - Goal by Michael Grabner - Flames : 3 - Flyers : 4.
13:01 of 2nd period - Kyle Brodziak wins face-off versus Shawn Horcoff in neutral zone.
13:01 of 2nd period - Carlo Colaiacovo is hit by Shawn Horcoff and loses puck.
13:38 of 2nd period - Erik Johnson is hit by Kyle Brodziak.
14:16 of 2nd period - Shot by Dany Heatley.
14:16 of 2nd period - Shot Blocked by Erik Johnson.
14:43 of 2nd period - Double Minor Penalty to Tomas Kopecky for High sticking.
14:44 of 2nd period - Dainius Zubrus wins face-off versus Jeff Skinner in Flames zone.
15:51 of 2nd period - Shot by Marek Zidlicky.
15:51 of 2nd period - Shot Misses the Net.
16:07 of 2nd period - Shot by Kevin Bieksa.
16:07 of 2nd period - Shot Hit the Post.
16:18 of 2nd period - Shot by Kevin Bieksa.
16:18 of 2nd period - Shot Blocked by Ladislav Smid.
16:20 of 2nd period - Shot by Kevin Bieksa.
16:20 of 2nd period - Shot Misses the Net.
16:22 of 2nd period - Shot by R.J. Umberger.
16:22 of 2nd period - Deflect By Dainius Zubrus.
16:22 of 2nd period - Stopped by Jonathan Quick without a rebound.
16:23 of 2nd period - Shawn Horcoff wins face-off versus Kyle Brodziak in Flames zone.
16:39 of 2nd period - Minor Penalty to Anze Kopitar for Interference.
16:40 of 2nd period - Shawn Horcoff wins face-off versus Dany Heatley in Flames zone.
16:40 of 2nd period - Shawn Horcoff is hit by Kyle Okposo.
17:40 of 2nd period - Shot by Gabriel Bourque.
17:40 of 2nd period - Stopped by Jonathan Quick without a rebound.
17:41 of 2nd period - Dainius Zubrus wins face-off versus Shawn Horcoff in Flames zone.
18:16 of 2nd period - Icing by Kyle Okposo.
18:17 of 2nd period - Jeff Skinner wins face-off versus Kyle Okposo in Flyers zone.
19:05 of 2nd period - Shot by Michael Grabner.
19:05 of 2nd period - Stopped by Craig Anderson without a rebound.
19:06 of 2nd period - Kyle Brodziak wins face-off versus Mike Cammalleri in Flyers zone.
19:13 of 2nd period - Icing by Joni Pitkanen.
19:14 of 2nd period - Anze Kopitar wins face-off versus Jack Skille in Flyers zone.
19:14 of 2nd period - Anze Kopitar is hit by Ryan Ellis.
19:45 of 2nd period - Shot by Jack Skille.
19:45 of 2nd period - Shot Misses the Net.
19:47 of 2nd period - Shot by Kyle Brodziak.
19:47 of 2nd period - Deflect By Jack Skille.
19:47 of 2nd period - Stopped by Jonathan Quick without a rebound.
19:48 of 2nd period - Jean-Gabriel Pageau wins face-off versus Ryan Kesler in Flames zone.
Goals for this period are 2 for Flames vs 0 for Flyers.
Shots for this period are 11 for Flames vs 11 for Flyers.

3rd period


0:01 of 3rd period - Ryan Kesler wins face-off versus Eric Belanger in neutral zone.
0:15 of 3rd period - Shot by Michael Grabner.
0:15 of 3rd period - Deflect By Michael Ryder.
0:15 of 3rd period - Stopped by Craig Anderson without a rebound.
0:16 of 3rd period - Kyle Brodziak wins face-off versus Jeff Skinner in Flyers zone.
0:20 of 3rd period - Justin Williams is hit by Ladislav Smid and loses puck.
0:23 of 3rd period - Shot by Justin Williams.
0:23 of 3rd period - Shot Misses the Net.
0:25 of 3rd period - Shot by Carlo Colaiacovo.
0:25 of 3rd period - Shot Misses the Net.
0:41 of 3rd period - Shot by Justin Williams.
0:41 of 3rd period - Shot Misses the Net.
0:55 of 3rd period - Shot by Dustin Brown.
0:55 of 3rd period - Shot Misses the Net.
1:06 of 3rd period - Icing by Ladislav Smid.
1:07 of 3rd period - Eric Belanger wins face-off versus Anze Kopitar in Flames zone.
1:18 of 3rd period - Shot by Dany Heatley.
1:18 of 3rd period - Stopped by Jonathan Quick without a rebound.
1:19 of 3rd period - Ryan Kesler wins face-off versus Dainius Zubrus in Flames zone.
1:19 of 3rd period - Ryan Kesler is hit by R.J. Umberger.
1:24 of 3rd period - Icing by Michael Ryder.
1:25 of 3rd period - Ryan Kesler wins face-off versus Eric Belanger in Flames zone.
2:50 of 3rd period - Shot by Sam Gagner.
2:50 of 3rd period - Deflect By Mike Cammalleri.
2:50 of 3rd period - Stopped by Craig Anderson with a rebound.
3:25 of 3rd period - Icing by Marek Zidlicky.
3:26 of 3rd period - Shawn Horcoff wins face-off versus Kyle Brodziak in Flyers zone.
3:39 of 3rd period - Shot by Tomas Kopecky.
3:39 of 3rd period - Shot Blocked by Carlo Colaiacovo.
3:57 of 3rd period - Shot by Tomas Kopecky.
3:57 of 3rd period - Goal by Tomas Kopecky - Flames : 4 - Flyers : 4.
3:58 of 3rd period - Jean-Gabriel Pageau wins face-off versus Ryan Kesler in neutral zone.
4:16 of 3rd period - Shot by Michael Ryder.
4:16 of 3rd period - Stopped by Craig Anderson without a rebound.
4:17 of 3rd period - Anze Kopitar wins face-off versus Kyle Brodziak in Flyers zone.
4:20 of 3rd period - Shot by Toni Lydman.
4:20 of 3rd period - Stopped by Craig Anderson without a rebound.
4:21 of 3rd period - Kyle Brodziak wins face-off versus Ryan Kesler in Flyers zone.
4:51 of 3rd period - Shot by Michael Grabner.
4:51 of 3rd period - Stopped by Craig Anderson without a rebound.
4:52 of 3rd period - Jean-Gabriel Pageau wins face-off versus Dustin Brown in Flyers zone.
5:25 of 3rd period - Shot by Jean-Gabriel Pageau.
5:25 of 3rd period - Shot Misses the Net.
5:27 of 3rd period - Shot by Dainius Zubrus.
5:27 of 3rd period - Shot Misses the Net.
5:29 of 3rd period - Shot by Dainius Zubrus.
5:29 of 3rd period - Stopped by Jonathan Quick without a rebound.
5:30 of 3rd period - Ryan Kesler wins face-off versus Kyle Brodziak in Flames zone.
6:35 of 3rd period - Shot by Kyle Okposo.
6:35 of 3rd period - Shot Misses the Net.
6:37 of 3rd period - Shot by Kyle Okposo.
6:37 of 3rd period - Shot Misses the Net.
6:49 of 3rd period - Shot by Eric Belanger.
6:49 of 3rd period - Stopped by Jonathan Quick without a rebound.
6:50 of 3rd period - Anze Kopitar wins face-off versus Dainius Zubrus in Flames zone.
7:09 of 3rd period - Shot by Dustin Brown.
7:09 of 3rd period - Shot Misses the Net.
7:11 of 3rd period - Shot by Dustin Brown.
7:11 of 3rd period - Shot Blocked by Marek Zidlicky.
7:13 of 3rd period - Shot by Jack Johnson.
7:13 of 3rd period - Stopped by Craig Anderson without a rebound.
7:14 of 3rd period - Eric Belanger wins face-off versus Shawn Horcoff in Flyers zone.
7:14 of 3rd period - Dany Heatley is hit by Shawn Horcoff and loses puck.
7:21 of 3rd period - Pierre-Marc Bouchard is hit by Kyle Okposo and loses puck.
7:26 of 3rd period - Shot by Dany Heatley.
7:26 of 3rd period - Deflect By Eric Belanger.
7:26 of 3rd period - Stopped by Jonathan Quick without a rebound.
7:27 of 3rd period - Kyle Brodziak wins face-off versus Ryan Kesler in Flames zone.
7:54 of 3rd period - Shot by Michael Grabner.
7:54 of 3rd period - Shot Blocked by Joni Pitkanen.
9:04 of 3rd period - Shot by Mike Cammalleri.
9:04 of 3rd period - Stopped by Craig Anderson without a rebound.
9:05 of 3rd period - Anze Kopitar wins face-off versus Jean-Gabriel Pageau in Flyers zone.
9:36 of 3rd period - Jean-Gabriel Pageau is hit by Toni Lydman and loses puck.
9:40 of 3rd period - Minor Penalty to Toni Lydman for Roughing.
9:41 of 3rd period - Shawn Horcoff wins face-off versus Kyle Brodziak in Flames zone.
9:41 of 3rd period - Bryce Salvador is hit by Gabriel Bourque and loses puck.
10:29 of 3rd period - Off-side.
10:30 of 3rd period - Shawn Horcoff wins face-off versus Dainius Zubrus in neutral zone.
11:44 of 3rd period - Erik Johnson is hit by Jack Skille and loses puck.
11:51 of 3rd period - Jack Skille is hit by Radek Dvorak and loses puck.
11:52 of 3rd period - Minor Penalty to Sam Gagner for Charging.
11:53 of 3rd period - Tomas Kopecky wins face-off versus Dainius Zubrus in Flames zone.
12:01 of 3rd period - Mark Fistric is hit by Bryce Salvador and loses puck.
12:20 of 3rd period - Shot by Dany Heatley.
12:20 of 3rd period - Shot Misses the Net.
12:22 of 3rd period - Shot by Dany Heatley.
12:22 of 3rd period - Shot Hit the Post.
12:35 of 3rd period - Justin Williams is hit by Shawn Horcoff and loses puck.
12:47 of 3rd period - Justin Williams is hit by Ladislav Smid and loses puck.
12:50 of 3rd period - Shot by Kevin Bieksa.
12:50 of 3rd period - Shot Blocked by Ladislav Smid.
12:52 of 3rd period - Shot by Joni Pitkanen.
12:52 of 3rd period - Stopped by Jonathan Quick with a rebound.
12:54 of 3rd period - Shot by Joni Pitkanen.
12:54 of 3rd period - Shot Misses the Net.
12:56 of 3rd period - Shot by Joni Pitkanen.
12:56 of 3rd period - Shot Blocked by Jack Johnson.
13:10 of 3rd period - Shot by Dany Heatley.
13:10 of 3rd period - Stopped by Jonathan Quick without a rebound.
13:11 of 3rd period - Eric Belanger wins face-off versus Tomas Kopecky in Flames zone.
13:16 of 3rd period - Shot by Mark Fistric.
13:16 of 3rd period - Shot Misses the Net.
13:18 of 3rd period - Shot by Eric Belanger.
13:18 of 3rd period - Deflect By Gabriel Bourque.
13:18 of 3rd period - Stopped by Jonathan Quick without a rebound.
13:19 of 3rd period - Dainius Zubrus wins face-off versus Shawn Horcoff in Flames zone.
14:14 of 3rd period - Shot by Mike Cammalleri.
14:14 of 3rd period - Shot Misses the Net.
14:28 of 3rd period - Shot by Sam Gagner.
14:28 of 3rd period - Stopped by Craig Anderson with a rebound.
15:10 of 3rd period - Shot by R.J. Umberger.
15:10 of 3rd period - Shot Misses the Net.
15:33 of 3rd period - Icing by Mark Stuart.
15:34 of 3rd period - Ryan Kesler wins face-off versus Jean-Gabriel Pageau in Flyers zone.
15:38 of 3rd period - Icing by Mark Stuart.
15:39 of 3rd period - Jean-Gabriel Pageau wins face-off versus Ryan Kesler in Flyers zone.
15:39 of 3rd period - Jean-Gabriel Pageau is hit by Michael Grabner.
15:54 of 3rd period - Michael Grabner is hit by Mark Fistric and loses puck.
16:00 of 3rd period - Icing by Mark Stuart.
16:01 of 3rd period - Jean-Gabriel Pageau wins face-off versus Shawn Horcoff in Flyers zone.
16:01 of 3rd period - Jean-Gabriel Pageau is hit by Shawn Horcoff.
17:15 of 3rd period - Shot by Michael Ryder.
17:15 of 3rd period - Deflect By Ryan Kesler.
17:15 of 3rd period - Stopped by Craig Anderson with a rebound.
18:04 of 3rd period - Off-side.
18:05 of 3rd period - Mike Cammalleri wins face-off versus Kyle Brodziak in neutral zone.
18:12 of 3rd period - Ladislav Smid is hit by Jack Skille.
18:48 of 3rd period - Jack Johnson is hit by Jack Skille and loses puck.
19:07 of 3rd period - Carlo Colaiacovo is hit by Mike Cammalleri and loses puck.
19:33 of 3rd period - Shot by Tomas Kopecky.
19:33 of 3rd period - Shot Hit the Post.
19:35 of 3rd period - Shot by Tomas Kopecky.
19:35 of 3rd period - Stopped by Craig Anderson without a rebound.
19:36 of 3rd period - Ryan Kesler wins face-off versus Jean-Gabriel Pageau in Flyers zone.
19:39 of 3rd period - Shot by Andrew MacDonald.
19:39 of 3rd period - Stopped by Craig Anderson without a rebound.
19:40 of 3rd period - Jean-Gabriel Pageau wins face-off versus Ryan Kesler in Flyers zone.
Goals for this period are 1 for Flames vs 0 for Flyers.
Shots for this period are 12 for Flames vs 7 for Flyers.

Overtime #1


0:01 of 1st overtime period - Anze Kopitar wins face-off versus Eric Belanger in neutral zone.
0:11 of 1st overtime period - Off-side.
0:12 of 1st overtime period - Ryan Kesler wins face-off versus Eric Belanger in neutral zone.
1:03 of 1st overtime period - Michael Ryder is hit by Mark Stuart.
1:36 of 1st overtime period - Shot by Gabriel Bourque.
1:36 of 1st overtime period - Shot Misses the Net.
1:38 of 1st overtime period - Shot by Kyle Brodziak.
1:38 of 1st overtime period - Shot Misses the Net.
1:40 of 1st overtime period - Shot by Marek Zidlicky.
1:40 of 1st overtime period - Shot Misses the Net.
1:42 of 1st overtime period - Shot by Kyle Brodziak.
1:42 of 1st overtime period - Stopped by Jonathan Quick with a rebound.
1:56 of 1st overtime period - Shot by Joni Pitkanen.
1:56 of 1st overtime period - Stopped by Jonathan Quick without a rebound.
1:57 of 1st overtime period - Ryan Kesler wins face-off versus Eric Belanger in Flames zone.
2:14 of 1st overtime period - Shot by Eric Belanger.
2:14 of 1st overtime period - Shot Misses the Net.
2:52 of 1st overtime period - Shot by Kyle Brodziak.
2:52 of 1st overtime period - Shot Misses the Net.
3:07 of 1st overtime period - Icing by Bryce Salvador.
3:08 of 1st overtime period - Anze Kopitar wins face-off versus Eric Belanger in Flames zone.
3:45 of 1st overtime period - Shot by Michael Ryder.
3:45 of 1st overtime period - Shot Blocked by Kevin Bieksa.
3:47 of 1st overtime period - Shot by Michael Ryder.
3:47 of 1st overtime period - Shot Misses the Net.
3:49 of 1st overtime period - Shot by Ryan Kesler.
3:49 of 1st overtime period - Shot Misses the Net.
4:16 of 1st overtime period - Shot by Anze Kopitar.
4:16 of 1st overtime period - Stopped by Craig Anderson with a rebound.
4:20 of 1st overtime period - Shot by Anze Kopitar.
4:20 of 1st overtime period - Shot Misses the Net.
4:22 of 1st overtime period - Shot by Bryce Salvador.
4:22 of 1st overtime period - Shot Misses the Net.
4:58 of 1st overtime period - Shot by Kyle Brodziak.
4:58 of 1st overtime period - Shot Misses the Net.
Goals for this period are 0 for Flames vs 0 for Flyers.
Shots for this period are 1 for Flames vs 2 for Flyers.

ShootOut


5:00 of 1st overtime period - Penalty Shot by Dustin Brown for Flames.
5:00 of 1st overtime period - Stopped by Craig Anderson.
5:00 of 1st overtime period - Penalty Shot by Dany Heatley for Flyers.
5:00 of 1st overtime period - Stopped by Jonathan Quick.
5:00 of 1st overtime period - Penalty Shot by Michael Ryder for Flames.
5:00 of 1st overtime period - Stopped by Craig Anderson.
5:00 of 1st overtime period - Penalty Shot by Justin Williams for Flyers.
5:00 of 1st overtime period - Goal by Justin Williams.
5:00 of 1st overtime period - Penalty Shot by Michael Grabner for Flames.
5:00 of 1st overtime period - Goal by Michael Grabner.
5:00 of 1st overtime period - Penalty Shot by Gabriel Bourque for Flyers.
5:00 of 1st overtime period - Goal by Gabriel Bourque.


Output by the SimonT Hockey Simulator (STHS) for Stephane Roy -- Original Page W3C XHTML 1.0 Valid
Hockey Simulator - Hockey Simulation - Hockey Manager